 Dungeon Crawl Stone Soup version 0.28-a0-938-gbc3f381ebc (webtiles) character file.

Game seed: 11816703074164160548

125 ytrimaz the Grave Robber (level 4, -1/24 HPs)
             Began as a Deep Elf Necromancer on Nov 29, 2021.
             Slain by an orc priest (2 damage)
             ... on level 4 of the Dungeon.
             The game lasted 00:05:41 (4003 turns).

ytrimaz the Grave Robber (Deep Elf Necromancer)     Turns: 4003, Time: 00:05:41

Health: -1/24      AC:  2    Str:  5    XL:     4   Next: 82%
Magic:  4/13       EV: 16    Int: 21    God:
Gold:   44         SH:  0    Dex: 15    Spells: 5/13 levels left

rFire   . . .      SeeInvis .   c - +2 dagger (venom)
rCold   . . .      Faith    .   (no shield)
rNeg    . . .      Spirit   .   a - +0 robe
rPois   .          Reflect  .   (no helmet)
rElec   .          Harm     .   (no cloak)
rCorr   .          Rampage  .   (no gloves)
Will    .....                   (no boots)
Stlth   ++........              (no amulet)
HPRegen 0.08/turn               f - +4 ring of evasion
MPRegen 0.13/turn               (no ring)

@: no status effects
A: no striking features
a: no special abilities


You were on level 4 of the Dungeon.
You visited 1 branch of the dungeon, and saw 4 of its levels.

You collected 44 gold pieces.

Inventory:

Hand Weapons
 c - a +2 dagger of venom (weapon)
Armour
 a - a +0 robe (worn)
Jewellery
 f - a +4 ring of evasion (left hand)
 g - a ring of ice
Scrolls
 b - 4 scrolls of magic mapping
 h - a scroll of teleportation
 k - a scroll of blinking
Potions
 d - 2 potions of heal wounds {unknown}
 e - 2 potions of curing
 i - a potion of lignification {unknown}
 j - a potion of attraction {unknown}
 l - a potion of invisibility {unknown}


   Skills:
 + Level 2.4 Dodging
 + Level 2.5 Stealth
 + Level 5.0 Spellcasting
 + Level 6.4 Necromancy


You had 5 spell levels left.
You knew the following spells:

 Your Spells              Type           Power      Damage    Failure   Level
a - Pain                  Necr           100%       1d9       1%          1
b - Vampiric Draining     Necr           32%        2d8       2%          3
c - Animate Dead          Necr           16%        N/A       8%          4

Your spell library contained the following spells:

 Spells                   Type           Power      Damage    Failure   Level
 Animate Skeleton         Necr           64%        N/A       1%          1
 Agony                    Necr           32%        N/A       22%         5
 Summon Forest            Summ/Tloc      2%         N/A       96%         5
 Eringya's Noxious Bog    Tmut/Pois      2%         N/A       100%        6
 Summon Hydra             Summ           2%         N/A       100%        7


Dungeon Overview and Level Annotations

Branches:
Dungeon (4/15)
 Temple: D:4-7

Altars:
Dithmenos
Elyvilon
Gozag
Wu Jian
The Shining One


Message History

You can't see any susceptible monsters within range! (Use Z to cast anyway.)
The orc writhes in agony!
You kill the orc!
The hobgoblin writhes in agony!
You kill the hobgoblin!
You can't see any susceptible monsters within range! (Use Z to cast anyway.)
You can't see any susceptible monsters within range! (Use Z to cast anyway.)
An orc is nearby!
An orc is nearby!
An orc is nearby!
The orc writhes in agony!
You kill the orc!
An orc priest comes into view. It is wielding a +0 whip.
The orc priest shouts!
The orc priest writhes in agony.
You can't see any susceptible monsters within range! (Use Z to cast anyway.)
You can't see any susceptible monsters within range! (Use Z to cast anyway.)
The orc priest barely resists.
The orc priest writhes in agony.
The orc priest writhes in agony.
You kill the orc priest!
An endoplasm comes into view.
Your Spellcasting skill increases to level 5!
The orc priest writhes in agony.
The endoplasm quivers.
The orc priest writhes in agony.
The orc priest misses you.
An endoplasm comes into view.
You barely miss the orc priest.
The orc priest is moderately wounded.
The orc priest invokes the aid of Beogh against you.
Pain shoots through your body!
Ouch! That really hurt!
* * * LOW HITPOINT WARNING * * *
You hit the orc priest.
The orc priest is poisoned.
The orc priest is heavily wounded.
The orc priest casts a cantrip, but nothing happens.
You hit the orc priest but do no damage.
The orc priest is severely wounded.
The orc priest hits you with a +0 short sword.
You die...

#. #. .. #. #.. #.
##. ##..# #. ..
#..#.#. .. #...#) #.
#.?.. #. #.Jo# #<
#.)@# #..... #...#
........ #...##
.......l #...)#
###.##.# #.#..# #. #.
#############.#..# .
#. #................#
# .g
#.###########........
#.#############..##..


You could see an orc priest (very poisoned) and an endoplasm.

Vanquished Creatures
  An orc priest (D:4)
  2 adders
  2 worms
  2 dart slugs
  8 orcs
  An endoplasm (D:3)
  4 giant cockroaches
  6 goblins
  6 hobgoblins
  2 quokkas (D:1)
  10 ball pythons
  4 bats
  2 frilled lizards
  6 kobolds
  5 rats
61 creatures vanquished.

Vanquished Creatures (others)
  An endoplasm (D:1)
1 creature vanquished.

Grand Total: 62 creatures vanquished

Notes
Turn   | Place    | Note
-------+----------+-------------------------------------------
     0 | D:1      | ytrimaz the Deep Elf Necromancer began the quest for the
                  | Orb.
     0 | D:1      | Reached XP level 1. HP: 10/10 MP: 6/6
   219 | D:1      | Reached skill level 5 in Necromancy
   477 | D:1      | Reached XP level 2. HP: 9/15 MP: 2/8
  1233 | D:2      | Reached XP level 3. HP: 2/19 MP: 1/10
  1546 | D:2      | Found a white marble altar of Elyvilon.
  1922 | D:2      | Found a faded altar of an unknown god.
  2094 | D:2      | Learned a level 3 spell: Vampiric Draining
  2771 | D:3      | Found an opulent altar of Gozag.
  2772 | D:3      | Found an ornate altar of the Wu Jian Council.
  2772 | D:3      | Found a glowing golden altar of the Shining One.
  2773 | D:3      | Found a white marble altar of Elyvilon.
  2880 | D:3      | Reached skill level 6 in Necromancy
  3043 | D:3      | Reached XP level 4. HP: 20/24 MP: 7/12
  3151 | D:3      | Found a shadowy altar of Dithmenos.
  3209 | D:3      | HP: 1/24 [orc (6)]
  3758 | D:3      | Learned a level 4 spell: Animate Dead
  3999 | D:4      | Reached skill level 5 in Spellcasting
  4001 | D:4      | HP: 1/24 [orc priest/nerve-wracking pain (14)]
  4003 | D:4      | Slain by an orc priest

Illustrated notes

Levels and vault maps discovered:
D:1:      elethiomel_arrival_shortcut, layout_rooms, lemuel_flame_loot_1
D:2:      layout_rooms, hellmonk_ecumenical_altar_crossroads, basic_altar,
          st_stairs_1
D:3:      layout_basic, grunt_dithmenos_smoke_and_mirrors,
          chequers_temple_overflow_statue_of_worship
D:4:      layout_loops_ring, minmay_temple_entry_slanted

Skill      XL: |  1  2  3  4 |
---------------+-------------+-----
Necromancy     | 5 6 |  6.4
Spellcasting   | 4 5 |  5.0
Dodging        | |  2.4
Stealth        | |  2.5

Action                   |  1- 3 |  4- 6 || total
-------------------------+-------+-------++-------
Melee: Dagger            |     1 |     8 ||     9
       Unarmed           |     1 |       ||     1
 Cast: Pain              |    85 |    35 ||   120
       Vampiric Draining |       |     1 ||     1
  Use: Scroll            |     3 |     2 ||     5
Armor: Robe              |     4 |       ||     4
Dodge: Dodged            |    11 |    12 ||    23

Table legend: (Time is in decaauts)
 A = Elapsed time spent in this place.
 B = Non-inter-level travel time spent in this place.
 C = Inter-level travel time spent in this place.
 D = Time resting spent in this place.
 E = Time spent auto-exploring this place.
 F = Levels seen in this place.
 G = Mean time per level.
                   A        B        C        D        E       F      G
               +--------+--------+--------+--------+--------+-----+--------+
         Total |   4004 |   3939 |     65 |    931 |   2582 |   4 | 1001.0 |
       Dungeon |   4004 |   3939 |     65 |    931 |   2582 |   4 | 1001.0 |
               +--------+--------+--------+--------+--------+-----+--------+

Top non-repeatable levels by time:
     D:3: 1459 daAuts
     D:1: 1433 daAuts
     D:2: 1064 daAuts
     D:4: 46 daAuts
